AoeStats
← Gambino

Arena

510163675Analyzed
1v1 RM · 3d ago on Sep 29, 2026· 56m 42s· 2 players
Game mode
Random Map
Map size
Tiny (2 player)
Population
200
Speed
Normal
Resources
Standard
Victory
Conquest
Starting age
Dark Age
Ending age
Imperial Age
RankedLock teamsTeams togetherTeam positionsShared explorationLock speedFull tech treeHidden civsTurbo modeCheats
Victory
Defeat
🇫🇷 Spanish · France
647
+13
🇬🇧 Danes · United Kingdom
571
-13
Zombyou
7:45 Loom
10:45 Feudal Age
11:14 Double-Bit Axe
12:39 Horse Collar
20:21 Castle Age
19:43 Forging
19:42 Scale Barding Armor
19:28 Fletching
19:40 Scale Mail Armor
19:37 Stone Mining
19:40 Gold Mining
21:28 Bow Saw
21:21 Heavy Plow
23:43 Wheelbarrow
25:31 Stone Shaft Mining
26:14 Hand Cart
25:50 Pikeman
26:45 Man-at-Arms
32:02 Elite Skirmisher
34:26 Bodkin Arrow
34:32 Padded Archer Armor
42:48 Imperial Age
44:42 Two-Man Saw
47:32 Conscription
49:54 Town Watch
52:40 Chemistry
51:37 Murder Holes
51:52 Masonry
Gambino
8:23 Loom
10:48 Feudal Age
11:15 Double-Bit Axe
11:12 Horse Collar
14:48 Wheelbarrow
18:37 Castle Age
18:55 Forging
18:47 Scale Mail Armor
20:27 Bow Saw
20:18 Heavy Plow
20:11 Stone Mining
20:21 Gold Mining
24:24 Gambesons
24:40 Squires
24:26 Arson
26:20 Scale Mail Armor
26:55 Iron Casting
49:36 Town Watch
50:09 Hand Cart
49:41 Loom
Connection lost

Rejoining the realm…

Still unreachable

The connection could not be restored.

Session expired

The server has moved on; the page needs a fresh start.